 Dungeon Crawl Stone Soup version 0.29.1-15-g9cfb28693d (webtiles) character file.

Game seed: 10727774565065604268

128 booth the Chopper (level 4, -1/34 HPs)
             Began as a Demonspawn Gladiator on May 1, 2023.
             Slain by Grinder (7 damage)
             ... on level 3 of the Dungeon.
             The game lasted 00:09:18 (2336 turns).

booth the Chopper (Demonspawn Gladiator)            Turns: 2336, Time: 00:09:18

Health: -1/34      AC:  5    Str: 16    XL:     4   Next: 87%
Magic:  4/4        EV: 12    Int: 10    God:
Gold:   91         SH:  0    Dex: 14    Spells: 3/3 levels left

rFire   . . .      SeeInvis .   a - +1 war axe (venom)
rCold   . . .      Faith    .   (no shield)
rNeg    . . .      Spirit   .   b - +1 leather armour
rPois   .          Reflect  .   c - +0 helmet
rElec   .          Harm     .   (no cloak)
rCorr   .          Rampage  .   (no gloves)
Will    .....                   (no boots)
Stlth   +.........              (no amulet)
HPRegen 0.11/turn               (no ring)
MPRegen 0.09/turn               (no ring)

@: no status effects
A: claws 1, demonic magic 2
a: no special abilities


You were on level 3 of the Dungeon.
You visited 1 branch of the dungeon, and saw 3 of its levels.

You collected 91 gold pieces.

Inventory:

Hand Weapons
 a - a +1 war axe of venom (weapon)
Missiles
 d - 3 throwing nets (quivered)
 e - a javelin
 o - 6 poisoned darts
Armour
 b - a +1 leather armour (worn)
 c - a +0 helmet (worn)
Jewellery
 h - a ring of fire
 p - a ring of ice
Scrolls
 g - a scroll of magic mapping {unknown}
 l - a scroll of blinking {unknown}
Potions
 f - a potion of brilliance {unknown}
 i - a potion of heal wounds {unknown}
 j - a potion of ambrosia {unknown}
 k - 2 potions of might {unknown}
 m - a potion of berserk rage {unknown}
 n - 2 potions of curing {unknown}


   Skills:
 + Level 2.9 Fighting
 * Level 3.7 Axes
 + Level 2.6 Throwing
 + Level 3.3 Dodging


You had 3 spell levels left.
You didn't know any spells.
Your spell library was empty.

Dungeon Overview and Level Annotations

Branches:
Dungeon (3/15)

Altars:
Vehumet

Annotations:
D:3 exclusion: statue, Grinder, Terence


Innate Abilities, Weirdness & Mutations

You have sharp fingernails.
Spells you cast may paralyse nearby enemies.


Message History

The hobgoblin shouts!
Grinder blinks!
Found 7 gold pieces.
You closely miss Grinder. Grinder gestures at you.
Pain shoots through your body!
You closely miss Grinder. Grinder barely misses you.
Grinder blinks!
The hobgoblin closely misses you. The hobgoblin attacks as you move away!
The hobgoblin closely misses you.
The hobgoblin hits you but does no damage.
Grinder gestures at you.
You barely resist. The hobgoblin attacks as you move away!
The hobgoblin closely misses you.
Grinder blinks!
You hit the hobgoblin.
The hobgoblin is poisoned.
The hobgoblin is almost dead.
You kill the hobgoblin!
Found 3 stones.
You hit Grinder.
Grinder is lightly wounded.
Grinder gestures at you. Pain shoots through your body!
You slash Grinder!
Grinder is poisoned.
Grinder is moderately wounded.
Grinder closely misses you.
Grinder blinks!
Grinder blinks!
You now have 91 gold pieces (gained 7).
Grinder looks more healthy.
Grinder gestures at you. Pain shoots through your body!
Grinder gestures at you. Pain shoots through your body!
* * * LOW HITPOINT WARNING * * *
You hit Grinder but do no damage.
Grinder is severely wounded.
Grinder barely misses you.
You hit Grinder.
Grinder is almost dead.
Grinder hits you!
You die...

########
##(.....##
##........##
#..........#
#........@.#
#...[....5.#
#..........#
######
#..........#
#....#
######...##
#....# #...##
#....#
#....###....#
#...........#
#...........#


You could see Grinder.

Vanquished Creatures
  An ogre (D:3)
  An adder (D:3)
  A worm (D:2)
  3 orcs (D:3)
  2 ball pythons (D:1)
  4 bats (D:1)
  2 endoplasms (D:1)
  5 hobgoblins
  A quokka (D:1)
  6 frilled lizards
  3 goblins (D:1)
  4 kobolds
33 creatures vanquished.

Vanquished Creatures (others)
  5 fungi (D:3)
  4 plants (D:3)
9 creatures vanquished.

Grand Total: 42 creatures vanquished

Notes
Turn   | Place    | Note
-------+----------+-------------------------------------------
     0 | D:1      | booth the Demonspawn Gladiator began the quest for the Orb.
     0 | D:1      | Reached XP level 1. HP: 16/16 MP: 1/1
   258 | D:1      | Gained mutation: Spells you cast may paralyse adjacent
                  | enemies. [demonic ancestry]
   258 | D:1      | Reached XP level 2. HP: 21/22 MP: 2/2
  1297 | D:2      | Gained mutation: Spells you cast may paralyse nearby
                  | enemies. [demonic ancestry]
  1297 | D:2      | Reached XP level 3. HP: 28/28 MP: 3/3
  1821 | D:3      | Noticed Terence
  1843 | D:3      | Found a radiant altar of Vehumet.
  1843 | D:3      | Noticed a frost-covered statue
  2000 | D:3      | Noticed an ogre
  2019 | D:3      | Killed an ogre
  2020 | D:3      | Gained mutation: You have sharp fingernails. [demonic
                  | ancestry]
  2020 | D:3      | Reached XP level 4. HP: 8/34 MP: 4/4
  2296 | D:3      | Noticed Grinder
  2336 | D:3      | Slain by Grinder

Illustrated notes

Levels and vault maps discovered:
D:1:      nzn_arrival_depleted_hourglass, layout_loops_ring,
          grunt_decor_one_mirror
D:2:      layout_basic
D:3:      layout_rooms, vehumet_statue,
          shapermc_ecumenical_altar_mp_urbaneastern, uniq_grinder,
          uniq_crazy_yiuf_cottage, uniq_terence

Skill      XL: |  1  2 |
---------------+-------+-----
Throwing       | 2 |  2.6
Axes           | 3 |  3.7
Dodging        | 3 |  3.3
Fighting       | |  2.9

Action                   |  1- 3 |  4- 6 || total
-------------------------+-------+-------++-------
Melee: War axe           |    96 |     8 ||   104
       Punch             |     1 |       ||     1
  Use: Scroll            |     6 |       ||     6
Armor: Leather armour    |    31 |     1 ||    32
Dodge: Dodged            |    63 |     6 ||    69
